APP
GRAND JUNCTION ROCKIES @ HELENA BREWERS
09/28/2044
 
TOP OF THE 1ST
Grand Junction Rockies batting - Pitching for Helena Brewers : LHP Mike Moffett
Pitching: LHP Mike Moffett
Batting: RHB Juan Figueroa 0-0: Called Strike
0-1: Ball
1-1: Called Strike
1-2: Foul Ball, location: 2F
1-2: Foul Ball, location: 2F
1-2: Ball
2-2: Foul Ball, location: 2F
2-2: Strikes out swinging
Batting: RHB Willis Morales 0-0: Ball
1-0: Foul Ball, location: 2F
1-1: Foul Ball, location: 2F
1-2: Ball
2-2: Ground out 6-3 (Groundball, 6, EV 85.6 MPH)
Batting: RHB Doug D'Onofrio 0-0: Called Strike
0-1: Ball
1-1: Swinging Strike
1-2: Foul Ball, location: 2F
1-2: Strikes out swinging
Top of the 1st over - 0 runs, 0 hits, 0 errors, 0 left on base; Grand Junction 0 - Helena 0
BOTTOM OF THE 1ST
Helena Brewers batting - Pitching for Grand Junction Rockies : LHP Steve Gilliam
Pitching: LHP Steve Gilliam
Batting: RHB Nick Cummings 0-0: Ball
1-0: Ball
2-0: Called Strike
2-1: Swinging Strike
2-2: Ball
3-2: Foul Ball, location: 2F
3-2: Ground out 4-3 (Groundball, 4M, EV 102.5 MPH)
Batting: RHB Hector Silva 0-0: Foul Ball, location: 2F
0-1: Ball
1-1: Ball
2-1: Swinging Strike
2-2: Ground out 1-3 (Groundball, 13S, EV 66.9 MPH)
Batting: SHB Mike Williams 0-0: Called Strike
0-1: SOLO HOME RUN (Flyball, 7LD, EV 92.5 MPH), Distance : 363 ft
Batting: RHB Jonathan Sarles 0-0: Ball
1-0: SOLO HOME RUN (Flyball, 9D, EV 96.9 MPH), Distance : 361 ft
Batting: LHB Pablo Cardona 0-0: DOUBLE (Line Drive, 7LM, EV 108.1 MPH)
Batting: RHB Ben Taylor 0-0: Foul Ball, location: 2F
0-1: Foul Ball, location: 2F
0-2: Foul Ball, location: 2F
0-2: Ball
1-2: 2-RUN HOME RUN (Flyball, 78XD, EV 100.0 MPH), Distance : 411 ft
Pitching: RHP Jim Micaletti
Batting: SHB Robert Sayer 0-0: Called Strike
0-1: Ball
1-1: SINGLE (Groundball, 23, EV 73.8 MPH) (infield hit)
Batting: RHB Juan Villanueva 0-0: Ball
1-0: DOUBLE (Line Drive, 7LM, EV 106.9 MPH)
Robert Sayer to third
Batting: LHB Umar Matoub 0-0: Ball
1-0: Ball
2-0: Ball
3-0: Base on Balls
Batting: RHB Nick Cummings 0-0: Ball
1-0: Ball
2-0: Called Strike
2-1: Fielders Choice at 2nd, 6-4 (Groundball, 56, EV 82.5 MPH)
Bottom of the 1st over - 4 runs, 6 hits, 0 errors, 3 left on base; Grand Junction 0 - Helena 4
TOP OF THE 2ND
Grand Junction Rockies batting - Pitching for Helena Brewers : LHP Mike Moffett
Batting: RHB Ray Insley 0-0: Called Strike
0-1: Foul Ball, location: 2F
0-2: Ball
1-2: Ball
2-2: Foul Ball, location: 2F
2-2: Fly out, F9 (Flyball, 9, EV 86.9 MPH)
Batting: RHB John Stevenson 0-0: Ball
1-0: Ground out 4-3 (Groundball, 4, EV 98.8 MPH)
Batting: SHB Jeff Sorrels 0-0: Called Strike
0-1: Foul Ball, location: 2F
0-2: Foul Ball, location: 2F
0-2: Ball
1-2: Ball
2-2: SINGLE (Line Drive, 89M, EV 106.9 MPH)
Batting: RHB Zakhar Edelman 0-0: Reached on error, E3 (Groundball, 34S, EV 87.5 MPH)
Jeff Sorrels to second
Batting: SHB Jamie Mims 0-0: Ball
1-0: Foul Ball, location: 2F
1-1: Ground out 3-1 (Groundball, 34S, EV 89.4 MPH)
Top of the 2nd over - 0 runs, 1 hit, 1 error, 2 left on base; Grand Junction 0 - Helena 4
BOTTOM OF THE 2ND
Helena Brewers batting - Pitching for Grand Junction Rockies : RHP Jim Micaletti
Batting: RHB Hector Silva 0-0: Ball
1-0: Ball
2-0: Called Strike
2-1: Called Strike
2-2: Foul Ball, location: 2F
2-2: Foul Ball, location: 2F
2-2: Ball
3-2: Base on Balls
Batting: SHB Mike Williams 0-0: SINGLE (Groundball, 6D, EV 96.2 MPH)
Hector Silva to second
Batting: RHB Jonathan Sarles 0-0: Called Strike
0-1: TRIPLE (Line Drive, 78XD, EV 113.1 MPH)
Hector Silva scores
Mike Williams scores
Batting: LHB Pablo Cardona 0-0: Fly out, F5 (Popup, 56, EV 63.1 MPH)
Batting: RHB Ben Taylor 0-0: Called Strike
0-1: Foul Ball, location: 2F
0-2: Ball
1-2: Foul Ball, location: 2F
1-2: Foul Ball, location: 2F
1-2: Ball
2-2: Ball
3-2: Foul Ball, location: 2F
3-2: Base on Balls
Batting: SHB Robert Sayer 0-0: Called Strike
0-1: Called Strike
0-2: Ball
1-2: Ball
2-2: Ball
3-2: Foul Ball, location: 2F
3-2: Base on Balls
Ben Taylor to second
Batting: RHB Juan Villanueva 0-0: Ball
1-0: Ball
2-0: Ball
3-0: Base on Balls
Jonathan Sarles scores
Ben Taylor to third
Robert Sayer to second
Batting: LHB Umar Matoub 0-0: Foul Ball, location: 2F
0-1: Swinging Strike
0-2: Ball
1-2: Foul Ball, location: 2F
1-2: GRAND SLAM HOME RUN (Flyball, 9D, EV 98.8 MPH), Distance : 377 ft
Pitching: RHP Andy Rayer
Batting: RHB Nick Cummings 0-0: Fly out, F4 (Popup, 4, EV 80.0 MPH)
Batting: RHB Hector Silva 0-0: Foul Ball, location: 2F
0-1: Swinging Strike
0-2: Ball
1-2: Ball
2-2: Foul Ball, location: 2F
2-2: Foul Ball, location: 2F
2-2: Foul Ball, location: 2F
2-2: Ball
3-2: Base on Balls
Batting: SHB Mike Williams 0-0: DOUBLE (Flyball, 8RXD, EV 108.8 MPH)
Hector Silva to third
Runner from 3rd tries for Home, SAFE, throw by CF to home
Batting: RHB Jonathan Sarles 0-0: Ball
1-0: Foul Ball, location: 2F
1-1: Swinging Strike
1-2: Foul Ball, location: 2F
1-2: Ball
2-2: SINGLE (Groundball, 4MD, EV 93.8 MPH)
Mike Williams to third
Runner from 3rd tries for Home, SAFE, throw by CF to home
Batting: LHB Pablo Cardona 0-0: Ball
1-0: Called Strike
1-1: Swinging Strike
1-2: Strikes out swinging
Bottom of the 2nd over - 9 runs, 5 hits, 0 errors, 1 left on base; Grand Junction 0 - Helena 13
TOP OF THE 3RD
Grand Junction Rockies batting - Pitching for Helena Brewers : LHP Mike Moffett
Batting: RHB Yamashita Yagi 0-0: Ball
1-0: Fly out, F9 (Flyball, 9LS, EV 85.6 MPH)
Batting: RHB Juan Figueroa 0-0: Called Strike
0-1: Ball
1-1: Called Strike
1-2: Ground out 4-3 (Groundball, 4M, EV 103.1 MPH)
Batting: RHB Willis Morales 0-0: Ball
1-0: Called Strike
1-1: SINGLE (Line Drive, 8LS, EV 86.2 MPH)
Batting: RHB Doug D'Onofrio 0-0: Foul Ball, location: 2F
0-1: Called Strike
0-2: Fly out, F9 (Flyball, 9LS, EV 85.6 MPH)
Top of the 3rd over - 0 runs, 1 hit, 0 errors, 1 left on base; Grand Junction 0 - Helena 13
BOTTOM OF THE 3RD
Helena Brewers batting - Pitching for Grand Junction Rockies : RHP Andy Rayer
Batting: RHB Ben Taylor 0-0: Ball
1-0: Swinging Strike
1-1: Fly out, F4 (Flyball, 4D, EV 80.0 MPH)
Batting: SHB Robert Sayer 0-0: Ball
1-0: Foul Ball, location: 2F
1-1: Foul Ball, location: 2F
1-2: Fly out, F8 (Flyball, 8RS, EV 91.9 MPH)
Batting: RHB Juan Villanueva 0-0: Ball
1-0: Ball
2-0: Ball
3-0: Base on Balls
Batting: LHB Umar Matoub 0-0: Called Strike
0-1: Foul Ball, location: 2F
0-2: Ball
1-2: Ball
2-2: DOUBLE (Line Drive, 7LM, EV 101.9 MPH)
Juan Villanueva to third
Batting: RHB Nick Cummings 0-0: Ball
1-0: Foul Ball, location: 2F
1-1: Ball
2-1: Fly out, F8 (Flyball, 8LD, EV 88.8 MPH)
Bottom of the 3rd over - 0 runs, 1 hit, 0 errors, 2 left on base; Grand Junction 0 - Helena 13
TOP OF THE 4TH
Grand Junction Rockies batting - Pitching for Helena Brewers : LHP Mike Moffett
Batting: RHB Ray Insley 0-0: Ball
1-0: Ball
2-0: Ball
3-0: Called Strike
3-1: Fly out, F5 (Line Drive, 5, EV 73.1 MPH)
Batting: RHB John Stevenson 0-0: Ball
1-0: Ball
2-0: Swinging Strike
2-1: Ball
3-1: Base on Balls
Batting: SHB Jeff Sorrels 0-0: Called Strike
0-1: Swinging Strike
0-2: Strikes out looking
Batting: RHB Zakhar Edelman 0-0: Ball
1-0: Foul Ball, location: 2F
1-1: Ball
Wild Pitch!
John Stevenson to second
2-1: Ball
3-1: Swinging Strike
3-2: Ground out 4-3 (Groundball, 4, EV 83.8 MPH)
Top of the 4th over - 0 runs, 0 hits, 0 errors, 1 left on base; Grand Junction 0 - Helena 13
BOTTOM OF THE 4TH
Helena Brewers batting - Pitching for Grand Junction Rockies : RHP Andy Rayer
Batting: RHB Hector Silva 0-0: Foul Ball, location: 2F
0-1: SINGLE (Line Drive, 56, EV 96.9 MPH)
Batting: SHB Mike Williams 0-0: Ball
1-0: SINGLE (Groundball, 15S, EV 70.0 MPH) (infield hit)
Hector Silva to second
Pitching: RHP Willie Benito
Batting: RHB Jonathan Sarles 0-0: Called Strike
0-1: Ball
1-1: Swinging Strike
1-2: Ball
2-2: Foul Ball, location: 2F
2-2: Grounds into double play, 6-4-3 (Groundball, 6, EV 100.6 MPH)
Hector Silva to third
Batting: LHB Pablo Cardona 0-0: Ball
1-0: Swinging Strike
1-1: Ball
2-1: Ball
Balk!
Hector Silva scores
3-1: Swinging Strike
3-2: SINGLE (Groundball, 4D, EV 105.6 MPH)
Batting: RHB Ben Taylor 0-0: DOUBLE (Line Drive, 5D, EV 96.2 MPH)
Pablo Cardona to third
Batting: SHB Robert Sayer Balk!
Pablo Cardona scores
Ben Taylor to third
0-0: Ball
1-0: Ball
2-0: Foul Ball, location: 2F
2-1: Foul Ball, location: 2F
2-2: Fly out, F7 (Line Drive, 7, EV 106.9 MPH)
Bottom of the 4th over - 2 runs, 4 hits, 0 errors, 1 left on base; Grand Junction 0 - Helena 15
TOP OF THE 5TH
Grand Junction Rockies batting - Pitching for Helena Brewers : LHP Mike Moffett
Batting: SHB Jamie Mims 0-0: Called Strike
0-1: SINGLE (Groundball, 6S, EV 76.2 MPH) (infield hit)
Batting: RHB Yamashita Yagi 0-0: Ball
1-0: Ground out 6-3 (Groundball, 6S, EV 72.5 MPH)
Jamie Mims to second
Batting: RHB Juan Figueroa 0-0: Called Strike
0-1: Called Strike
0-2: Strikes out swinging
Batting: RHB Willis Morales 0-0: Ball
1-0: Foul Ball, location: 2F
1-1: Ball
2-1: Ball
3-1: Swinging Strike
3-2: Strikes out looking
Top of the 5th over - 0 runs, 1 hit, 0 errors, 1 left on base; Grand Junction 0 - Helena 15
BOTTOM OF THE 5TH
Helena Brewers batting - Pitching for Grand Junction Rockies : RHP Willie Benito
Batting: RHB Juan Villanueva 0-0: Foul Ball, location: 2F
0-1: Foul Ball, location: 2F
0-2: Strikes out swinging
Batting: LHB Umar Matoub 0-0: Foul Ball, location: 2F
0-1: Called Strike
0-2: Foul Ball, location: 2F
0-2: Ball
1-2: Ball
2-2: Ball
3-2: Foul Ball, location: 2F
3-2: Foul Ball, location: 2F
3-2: Strikes out looking
Batting: RHB Nick Cummings 0-0: Ball
1-0: Ball
2-0: Foul Ball, location: 2F
2-1: Ground out 5-3 (Groundball, 56S, EV 71.2 MPH)
Bottom of the 5th over - 0 runs, 0 hits, 0 errors, 0 left on base; Grand Junction 0 - Helena 15
TOP OF THE 6TH
Grand Junction Rockies batting - Pitching for Helena Brewers : LHP Mike Moffett
Batting: RHB Doug D'Onofrio 0-0: Swinging Strike
0-1: Swinging Strike
0-2: Ball
1-2: Strikes out swinging
Batting: RHB Ray Insley 0-0: Swinging Strike
0-1: SINGLE (Groundball, 6S, EV 65.0 MPH) (infield hit)
Batting: RHB John Stevenson 0-0: Swinging Strike
0-1: Foul Ball, location: 2F
0-2: Ball
1-2: SINGLE (Groundball, 34D, EV 103.8 MPH) (infield hit)
Ray Insley to second
Batting: SHB Jeff Sorrels 0-0: Ball
1-0: Ball
2-0: Called Strike
2-1: Grounds into double play, 4-6-3 (Groundball, 34, EV 109.4 MPH)
Top of the 6th over - 0 runs, 2 hits, 0 errors, 1 left on base; Grand Junction 0 - Helena 15
BOTTOM OF THE 6TH
Helena Brewers batting - Pitching for Grand Junction Rockies : RHP Willie Benito
Batting: RHB Hector Silva 0-0: Called Strike
0-1: Fly out, F8 (Flyball, 8LXD, EV 103.1 MPH)
Batting: SHB Mike Williams 0-0: Called Strike
0-1: Ground out 5-3 (Groundball, 5, EV 102.5 MPH)
Batting: RHB Jonathan Sarles 0-0: Called Strike
0-1: TRIPLE (Flyball, 8LXD, EV 96.2 MPH)
Batting: LHB Pablo Cardona 0-0: Fly out, F7 (Flyball, 7S, EV 81.9 MPH)
Bottom of the 6th over - 0 runs, 1 hit, 0 errors, 1 left on base; Grand Junction 0 - Helena 15
TOP OF THE 7TH
Grand Junction Rockies batting - Pitching for Helena Brewers : LHP Mike Moffett
Batting: RHB Zakhar Edelman 0-0: Fly out, F8 (Line Drive, 8RM, EV 100.0 MPH)
Batting: SHB Jamie Mims 0-0: Ball
1-0: Ball
2-0: Ball
3-0: Called Strike
3-1: Called Strike
3-2: Base on Balls
Batting: RHB Yamashita Yagi 0-0: Called Strike
0-1: Ball
1-1: Foul Ball, location: 2F
1-2: Ball
2-2: Strikes out swinging
Pitching: LHP Willis Escobedo
Batting: RHB Juan Figueroa 0-0: Fielders Choice at 2nd, 6-4 (Groundball, 6, EV 86.2 MPH)
Top of the 7th over - 0 runs, 0 hits, 0 errors, 1 left on base; Grand Junction 0 - Helena 15
BOTTOM OF THE 7TH
Helena Brewers batting - Pitching for Grand Junction Rockies : RHP Willie Benito
Batting: RHB Ben Taylor 0-0: Ball
1-0: Called Strike
1-1: Foul Ball, location: 2F
1-2: Strikes out swinging
Pitching: RHP Chris Osting
Batting: SHB Robert Sayer 0-0: DOUBLE (Flyball, 78D, EV 98.8 MPH)
Batting: RHB Juan Villanueva 0-0: Called Strike
0-1: Fly out, F8 (Flyball, 89XD, EV 91.9 MPH)
Runner from 2nd tags up, SAFE at 3rd, no throw by CF
Batting: LHB Umar Matoub 0-0: Ball
1-0: Foul Ball, location: 2F
1-1: Ball
2-1: Ball
Wild Pitch!
Robert Sayer scores
3-1: Base on Balls
Batting: RHB Nick Cummings 0-0: Ground out 6-3 (Groundball, 6MS, EV 95.0 MPH)
Bottom of the 7th over - 1 run, 1 hit, 0 errors, 1 left on base; Grand Junction 0 - Helena 16
TOP OF THE 8TH
Grand Junction Rockies batting - Pitching for Helena Brewers : LHP Willis Escobedo
Batting: RHB Willis Morales 0-0: Called Strike
0-1: Ball
1-1: Ball
2-1: Ball
3-1: Base on Balls
Batting: RHB Doug D'Onofrio 0-0: Foul Ball, location: 2F
0-1: Swinging Strike
0-2: Strikes out swinging
Batting: RHB Ray Insley 0-0: 2-RUN HOME RUN (Flyball, 7D, EV 97.5 MPH), Distance : 384 ft
Batting: RHB John Stevenson 0-0: Ball
1-0: Ball
2-0: Called Strike
2-1: Ball
3-1: SINGLE (Groundball, 4MD, EV 94.4 MPH)
Batting: SHB Jeff Sorrels 0-0: Ball
1-0: Fly out, F6 (Flyball, 56D, EV 85.6 MPH)
Batting: RHB Zakhar Edelman 0-0: SINGLE (Flyball, 8LS, EV 90.0 MPH)
John Stevenson to second
Batting: SHB Jamie Mims 0-0: Fly out, F9 (Flyball, 9S, EV 93.1 MPH)
Top of the 8th over - 2 runs, 3 hits, 0 errors, 2 left on base; Grand Junction 2 - Helena 16
BOTTOM OF THE 8TH
Helena Brewers batting - Pitching for Grand Junction Rockies : RHP Chris Osting
Batting: RHB Hector Silva 0-0: SINGLE (Line Drive, 7S, EV 100.0 MPH)
Batting: SHB Mike Williams 0-0: Called Strike
0-1: Fielders Choice at 2nd, 4-6 (Groundball, 4, EV 108.8 MPH)
Batting: RHB Jonathan Sarles 0-0: Ball
1-0: Ball
2-0: Foul Ball, location: 2F
2-1: Foul Ball, location: 2F
2-2: Ball
Wild Pitch!
Mike Williams to second
3-2: Ground out U3 (Groundball, 34, EV 77.5 MPH)
Mike Williams to third
Batting: LHB Pablo Cardona 0-0: Ball
1-0: Ball
2-0: Called Strike
2-1: Ball
3-1: Called Strike
3-2: Foul Ball, location: 2F
3-2: Base on Balls
Batting: RHB Ben Taylor 0-0: Called Strike
0-1: Ball
1-1: Called Strike
1-2: Ball
2-2: Foul Ball, location: 2F
2-2: Ball
3-2: Foul Ball, location: 2F
3-2: Foul Ball, location: 2F
3-2: DOUBLE (Groundball, 5L, EV 106.2 MPH)
Mike Williams scores
Pablo Cardona to third
Pablo Cardona scores
Batting: SHB Robert Sayer 0-0: Ball
1-0: Ball
2-0: Ground out 4-3 (Groundball, 4, EV 82.5 MPH)
Bottom of the 8th over - 2 runs, 2 hits, 0 errors, 1 left on base; Grand Junction 2 - Helena 18
TOP OF THE 9TH
Grand Junction Rockies batting - Pitching for Helena Brewers : LHP Willis Escobedo
Batting: RHB Yamashita Yagi 0-0: Called Strike
0-1: Foul Ball, location: 2F
0-2: Ball
1-2: Foul Ball, location: 2F
1-2: Foul Ball, location: 2F
1-2: Fly out, F9 (Flyball, 89D, EV 96.9 MPH)
Batting: RHB Juan Figueroa 0-0: Ball
1-0: Ball
2-0: Ball
3-0: Base on Balls
Pitching: RHP Ernie Borden
Batting: RHB Willis Morales 0-0: Ball
1-0: Ball
2-0: Ball
3-0: Base on Balls
Juan Figueroa to second
Batting: RHB Doug D'Onofrio 0-0: Called Strike
0-1: Foul Ball, location: 2F
0-2: Ball
1-2: Ball
2-2: Strikes out swinging
Pinch Hitting: LHB Zack Guillen 0-0: Called Strike
0-1: Ball
1-1: TRIPLE (Line Drive, 78XD, EV 101.2 MPH)
Juan Figueroa scores
Willis Morales scores
Batting: RHB John Stevenson 0-0: Swinging Strike
0-1: SINGLE (Groundball, 56D, EV 97.5 MPH)
Zack Guillen scores
Batting: SHB Jeff Sorrels 0-0: Fly out, F6 (Popup, 6MS, EV 81.9 MPH)
Top of the 9th over - 3 runs, 2 hits, 0 errors, 1 left on base; Grand Junction 5 - Helena 18
Thursday, March 31st , 2022 - OOTP Baseball 22.12 Build 89